 Dungeon Crawl Stone Soup version 0.20.1-1-g8b1a95d (webtiles) character file.

27 JohnnyMnemonic the Grave Robber (level 2, -4/15 HPs)
             Began as a Deep Elf Necromancer on July 18, 2017.
             Slain by Terence
             ... wielding a +1 mace of draining
              (7 damage)
             ... on level 1 of the Dungeon.
             The game lasted 00:01:10 (1840 turns).

JohnnyMnemonic the Grave Robber (DENe)              Turns: 1840, Time: 00:01:11

Health: -4/15      AC:  3    Str:  5    XL:     2   Next: 93%
Magic:  6/8        EV: 12    Int: 19    God:
Gold:   14         SH:  0    Dex: 15    Spells: 6/7 levels left

rFire    . . .     SeeInvis .   o - +1 dagger (drain)
rCold    . . .     Gourm    .   (no shield)
rNeg     . . .     Faith    .   a - +0 robe
rPois    .         Spirit   .   (no helmet)
rElec    .         Reflect  .   (no cloak)
rCorr    +         Harm     .   d - +0 pair of gloves
MR       .....                  (no boots)
Stlth    ++........             (no amulet)
Regen    0.1/turn               g - ring of resist corrosion
MPRegen  0.2/turn               (no ring)

@: drained
A: no striking features
a: no special abilities


You were on level 1 of the Dungeon.
You were not hungry.

You visited 1 branch of the dungeon, and saw 2 of its levels.

You collected 14 gold pieces.

Inventory:

Hand Weapons
 k - a +0 hand axe
 o - a +1 dagger of draining (weapon)
Armour
 a - a +0 robe (worn)
 d - a +0 pair of gloves (worn)
Jewellery
 g - a ring of resist corrosion (left hand)
Scrolls
 e - a scroll of enchant armour {unknown}
 f - a scroll of identify {unknown}
 h - a scroll of immolation {unknown}
 i - a scroll of recharging {unknown}
 j - a scroll of amnesia {unknown}
 p - a scroll of remove curse {unknown}
 r - a scroll of noise {unknown}
Potions
 l - 2 potions of curing {unknown}
 m - a potion of heal wounds {unknown}
 n - a potion of might
 q - a potion of mutation {unknown}
Books
 b - a book of Necromancy

   Spells                             Type                      Level
   a - Pain                           Necromancy                   1
   b - Animate Skeleton               Necromancy                   1
   c - Vampiric Draining              Necromancy                   3
   d - Regeneration                   Charms/Necromancy            3
   e - Animate Dead                   Necromancy                   4
   f - Control Undead                 Necromancy                   4
Comestibles
 c - a bread ration


   Skills:
 - Level 2.4(1.8) Dodging
 - Level 2.4(1.8) Stealth
 - Level 3.0(2.4) Spellcasting
 + Level 5.9(5.3) Necromancy


You had 6 spell levels left.
You knew the following spells:

 Your Spells              Type           Power        Failure   Level  Hunger
a - Pain                  Necr           ###.         1%          1    #......


Dungeon Overview and Level Annotations

Branches:
Dungeon (2/15)

Altars:

Annotations:
D:1 Terence
D:2 Sigmund


Message History

Sigmund gestures wildly while chanting.
Sigmund flickers and vanishes!
Deactivating autopickup; reactivate with Ctrl-A.
You climb upwards.
There is a stone staircase leading down here.
Casting: Pain
Confirm with . or Enter, or press ? or * to list all spells.
Aiming: Pain
Press: ? - help, Shift-Dir - straight line, f - Terence
Aim: Terence, wielding a mace of draining and wearing a glowing scale mail (chance to defeat MR: 87%) Terence is unaffected.
Terence misses you.
Casting: Pain
Confirm with . or Enter, or press ? or * to list all spells.
Aiming: Pain
Press: ? - help, Shift-Dir - straight line, f/p - Terence
Aim: Terence, wielding a mace of draining and wearing a glowing scale mail (chance to defeat MR: 87%) Terence barely resists.
Terence shouts, "Get ready for death!"
Terence hits you with a mace of draining!
You die...

..................#
..####..#####...#.#
..# #..# #.#.#.#
#.####..#####.#...#
#.#...........รท)..#
#)#.....#####.#...#
#.......#.....#...#
###....##.#####.#@#
# #....##.# #.#@#
#########.# #.###
........#)# #.#
.######.#.# #.#
......#.#.# #.#
.####.#.#.# #.# .#
#.#.#.# #.# .#
#.#.#.# #.# .#
#...#.# #.#


You could see Terence.

Vanquished Creatures
  An ooze (D:1)
  A leopard gecko (D:1)
  A giant cockroach (D:1)
  2 goblins (D:1)
  4 hobgoblins (D:1)
  5 bats (D:1)
  2 frilled lizards (D:1)
  2 kobolds (D:1)
  4 rats
22 creatures vanquished.

Notes
Turn   | Place    | Note
-------+----------+-------------------------------------------
     0 | D:1      | JohnnyMnemonic the Deep Elf Necromancer began the quest for the Orb.
     0 | D:1      | Reached XP level 1. HP: 10/10 MP: 6/6
    53 | D:1      | Reached skill level 5 in Necromancy
   387 | D:1      | Reached XP level 2. HP: 8/15 MP: 4/8
  1827 | D:2      | Noticed Terence
  1827 | D:2      | Noticed Sigmund
  1840 | D:1      | Slain by Terence

Skill      XL: |  1 |
---------------+----+-----
Necromancy     | 5 |  5.9
Dodging        | |  2.4
Stealth        | |  2.4
Spellcasting   | |  3.0

Action                   || total
-------------------------++-------
Melee: Hand axe          ||    13
       Dagger            ||    23
 Cast: Pain              ||    22
  Eat: Chunk             ||     3
Armor: Robe              ||    11
Dodge: Dodged            ||    47
